Remparts vs Mulligans
Created - January 7, 2019 at 19:50
Goals
|
| Remparts |
2 |
2 |
0 |
4 |
| Mulligans |
1 |
3 |
2 |
6 |
|
Shots
|
| Remparts |
11 |
17 |
4 |
32 |
| Mulligans |
11 |
11 |
11 |
33 |
|
1st period
1. Remparts , Brandon Mashinter 10 (Justin Williams 14) at 12:13
2. Mulligans , Matt Beleskey 13 (Maxime Macenauer 16, Jonathan Tremblay 13) at 13:41
3. Remparts , Daniel Paille 18 (Brandon Gormley 31, Erik Gustafsson 14) at 15:08
Penalties :
Darren Dietz (Rep) for Goalie Interference (Minor) at 9:29, Cody Goloubef (Rep) for Slashing (Minor) at 15:21
2nd period
4. Mulligans , Christoph Bertschy 8 (Joonas Donskoi 10, Logan Shaw 13) at 1:42
5. Mulligans , Matt Donovan 9 (Matt Beleskey 17) at 4:48
6. Mulligans , Jonathan Tremblay 8 (Matt Donovan 35, Matt Beleskey 18) at 6:59 (PP)
7. Remparts , Daniel Paille 19 (Cédric Lalonde-McNicoll 13, Nail Yakupov 8) at 16:06
8. Remparts , Brandon Gormley 10 (Brandon Mashinter 18) at 17:40
Penalties :
Griffin Reinhart (Que) for Hooking (Minor) at 6:51, Griffin Reinhart (Que) for Interference (Minor) at 7:49
3rd period
9. Mulligans , Joonas Donskoi 8 (Christoph Bertschy 6, Matt Donovan 36) at 12:40
10. Mulligans , Jonathan Tremblay 9 (Matt Beleskey 19, Maxime Macenauer 17) at 12:46 (PP)
Penalties :
Matt Donovan (Rep) for Tripping (Minor) at 1:33, Pontus Aberg (Que) for Hooking (Minor) at 12:43, Maxime Macenauer (Rep) for Hooking (Minor) at 13:49, Roberts Lipsbergs (Que) for Hooking (Minor) at 16:03
Goalie Stats
Igor Bobkov (Que), 14 saves from 16 shots - (0.875), L, 0-1-0, 33:01 minutes
Tyler Plante (Que), 13 saves from 17 shots - (0.765), 26:59 minutes
Calvin Pickard (Rep), 28 saves from 32 shots - (0.875), W, 10-7-2, 60:00 minutes
Players Stats for Remparts
Player Name G A P +/- PIM S H SB GA TA FO MP PP MP PK MP
------------------------------------------------------------------------------------
Anton Zlobin 0 0 0 0 0 1 0 0 0 0 0/0 5:47 0:00 0:00
Brandon Gormley 1 1 2 0 0 6 5 1 1 2 0/0 26:58 4:33 2:15
Brandon Mashinter 1 1 2 0 0 2 0 0 1 0 1/7 12:51 0:05 1:15
Cédric Lalonde-McNicoll 0 1 1 1 0 2 3 1 0 1 5/14 19:00 3:41 1:06
Chris Mueller 0 0 0 0 0 1 1 0 0 1 2/4 5:50 0:00 0:00
Daniel Paille 2 0 2 1 0 5 3 0 0 2 1/1 21:32 3:41 2:00
Erik Gustafsson 0 1 1 0 0 3 2 0 1 2 0/0 25:36 4:33 1:54
Griffin Reinhart 0 0 0 1 4 0 1 1 1 0 0/0 19:47 3:23 0:00
Justin Williams 0 1 1 0 0 6 0 0 0 0 1/1 11:34 0:05 0:00
Juuso Ikonen 0 0 0 1 0 0 0 0 0 0 0/0 8:13 0:05 0:56
Max Reinhart 0 0 0 -1 0 0 2 0 1 1 13/30 22:20 4:10 2:12
Michal Jordan 0 0 0 1 0 0 2 2 1 0 0/0 21:44 3:23 1:54
Nail Yakupov 0 1 1 1 0 2 1 1 0 0 1/1 18:14 3:41 0:00
Niklas Hansson 0 0 0 -1 0 0 0 1 0 0 0/0 15:01 0:00 2:15
Pontus Aberg 0 0 0 -1 2 3 4 0 1 0 0/1 18:41 4:10 0:00
Roberts Lipsbergs 0 0 0 -1 2 0 0 0 0 0 1/1 10:17 0:00 0:00
Ryan Strome 0 0 0 -1 0 1 4 0 0 1 1/3 19:39 4:10 0:49
Viktor Baldayev 0 0 0 -1 0 0 0 0 0 0 0/0 12:43 0:00 0:00
Players Stats for Mulligans
Player Name G A P +/- PIM S H SB GA TA FO MP PP MP PK MP
------------------------------------------------------------------------------------
Anton Lander 0 0 0 -3 0 1 0 1 1 1 11/17 18:43 1:38 4:18
Ben Hutton 0 0 0 -1 0 0 1 3 0 1 0/0 20:14 1:56 3:08
Cade Fairchild 0 0 0 -1 0 0 0 1 0 0 0/0 11:08 0:00 0:00
Christoph Bertschy 1 1 2 1 0 2 2 1 1 0 2/4 16:32 0:22 2:49
Cody Goloubef 0 0 0 1 2 2 1 1 1 1 0/0 22:19 2:13 3:34
Dalton Thrower 0 0 0 1 0 0 0 0 0 0 0/0 6:19 0:00 0:45
Darren Dietz 0 0 0 -2 2 0 1 1 0 0 0/0 13:41 0:00 1:58
Drayson Bowman 0 0 0 1 0 3 0 0 0 0 0/0 10:30 0:00 0:00
John Hayden 0 0 0 0 0 0 0 0 0 0 0/0 0:00 0:00 0:00
Jonathan Tremblay 2 1 3 2 0 2 1 1 1 0 0/1 21:03 2:00 4:04
Jonny Brodzinski 0 0 0 0 0 2 0 0 1 1 1/3 6:30 0:00 0:00
Joonas Donskoi 1 1 2 1 0 3 5 0 1 0 2/3 13:59 0:31 0:00
Logan Shaw 0 1 1 -2 0 3 1 0 0 0 0/1 14:06 1:38 0:00
Matt Beleskey 1 3 4 2 0 4 1 0 0 0 2/2 17:02 2:09 0:00
Matt Donovan 1 2 3 2 2 4 1 3 2 2 0/0 27:07 2:13 3:29
Maxime Macenauer 0 2 2 2 2 3 0 0 0 0 18/31 19:03 2:09 1:54
Michael Sdao 0 0 0 -1 0 2 2 0 1 1 0/0 20:02 1:56 2:58
Nick Bonino 0 0 0 0 0 0 0 0 0 0 0/0 0:00 0:00 0:00
Nick Moutrey 0 0 0 0 0 0 0 0 0 0 0/0 0:00 0:00 0:00
Reid Boucher 0 0 0 0 0 0 0 0 0 0 0/0 7:41 0:00 0:32
Sven Baertschi 0 0 0 -3 0 1 0 0 0 0 1/1 16:47 1:38 2:15
Valeri Nichushkin 0 0 0 0 0 1 2 0 1 0 0/0 9:14 0:22 0:00
3 Stars
1 - Jonathan Tremblay (Rep)
2 - Matt Beleskey (Rep)
3 - Joonas Donskoi (Rep)
Power Play
Remparts - 0 on 4 Attempt(s) - 0.00%
Mulligans - 2 on 4 Attempt(s) - 50.00%
Penalty Kill
Remparts - 2 on 4 Attempt(s) - 50.00%
- Score 0 goal in Penalty Kill
Mulligans - 4 on 4 Attempt(s) - 100.00%
- Score 0 goal in Penalty Kill
Team Stat
Remparts - Hits : 28 - Faceoff Wins : 26 - Blocked Shots : 7 - Penalty Minutes : 8
Mulligans - Hits : 18 - Faceoff Wins : 37 - Blocked Shots : 12 - Penalty Minutes : 8
Official
Referees : Unknown
Linesman : Unknown
Game Notes
Igor Bobkov enters game at 6:59 of 2nd period
Finance
Level 1 -- Attendance: 1500 (75.00%) -- Ticket Income $37,500
Level 2 -- Attendance: 690 (69.00%) -- Ticket Income $8,280
Total Attendance: 2190 (73.00%)
Total Ticket Income: $45,780
Other Income: $2,289
Total Income: $48,069
Remparts
5 vs 5 Forward
Center Left Wing Right Wing Time % Phy DF OF
1 Max Reinhart Pontus Aberg Ryan Strome 40 1 2 2
2 Cédric Lalonde-McNicoll Daniel Paille Nail Yakupov 30 1 2 2
3 Brandon Mashinter Roberts Lipsbergs Justin Williams 20 1 2 2
4 Chris Mueller Juuso Ikonen Anton Zlobin 10 1 2 2
5 vs 5 Defense
Defense Defense Time % Phy DF OF
1 Brandon Gormley Erik Gustafsson 40 1 2 2
2 Griffin Reinhart Michal Jordan 30 1 2 2
3 Viktor Baldayev Niklas Hansson 20 1 2 2
4 Brandon Gormley Michal Jordan 10 1 2 2
PowerPlay Forward
Center Left Wing Right Wing Time % Phy DF OF
1 Max Reinhart Pontus Aberg Ryan Strome 60 1 2 2
2 Cédric Lalonde-McNicoll Daniel Paille Nail Yakupov 40 1 2 2
PowerPlay Defense
Defense Defense Time % Phy DF OF
1 Brandon Gormley Erik Gustafsson 60 1 2 2
2 Michal Jordan Griffin Reinhart 40 1 2 2
Penalty Kill 4 Players Forward
Center Wing Time % Phy DF OF
1 Max Reinhart Daniel Paille 60 1 2 2
2 Cédric Lalonde-McNicoll Ryan Strome 40 1 2 2
Penalty Kill 4 Players Defense
Defense Defense Time % Phy DF OF
1 Brandon Gormley Niklas Hansson 60 1 2 2
2 Erik Gustafsson Michal Jordan 40 1 2 2
Penalty Kill - 3 Players Forward
Forward Time % Phy DF OF
1 Max Reinhart 60 1 2 2
2 Cédric Lalonde-McNicoll 40 1 2 2
Penalty Kill - 3 Players Defense
Defense Defense Time % Phy DF OF
1 Brandon Gormley Niklas Hansson 60 1 2 2
2 Erik Gustafsson Michal Jordan 40 1 2 2
4 vs 4 Forward
Center Wing Time % Phy DF OF
1 Max Reinhart Pontus Aberg 60 1 2 2
2 Cédric Lalonde-McNicoll Ryan Strome 40 1 2 2
4 vs 4 Defense
Defense Defense Time % Phy DF OF
1 Brandon Gormley Erik Gustafsson 60 1 2 2
2 Michal Jordan Griffin Reinhart 40 1 2 2
Last Minutes Offensive
Center Left Wing Right Wing Defense Defense
Max Reinhart Pontus Aberg Ryan Strome Brandon Gormley Erik Gustafsson
Last Minutes Defensive
Center Left Wing Right Wing Defense Defense
Max Reinhart Daniel Paille Ryan Strome Brandon Gormley Niklas Hansson
Goaltenders
Starting : Tyler Plante
Backup : Igor Bobkov
Extra Forwards
Normal : Ryan Strome, Nail Yakupov, Max Reinhart - PP : Nail Yakupov, Ryan Strome - PK : Brandon Mashinter
Extra Defensemen
Normal : Griffin Reinhart, Brandon Gormley, Michal Jordan - PP : Griffin Reinhart - PK : Griffin Reinhart, Michal Jordan
Penalty Shots
Daniel Paille, Ryan Strome, Max Reinhart, Brandon Mashinter, Pontus Aberg
Scratches
Michael Downing (Healthy), Keaton Thompson (Healthy), Guillaume Desbiens (Sprained Left Finger Injury), Kyle Platzer (Healthy), Connor Honey (Healthy)
Mitchell Heard (Healthy), Tim Bozon (Healthy), François Brassard (Healthy), Jason Missiaen (Healthy)
Mulligans
5 vs 5 Forward
Center Left Wing Right Wing Time % Phy DF OF
1 Maxime Macenauer Matt Beleskey Jonathan Tremblay 40 0 2 3
2 Anton Lander Sven Baertschi Logan Shaw 27 0 2 3
3 Christoph Bertschy Drayson Bowman Joonas Donskoi 20 0 2 3
4 Jonny Brodzinski Reid Boucher Valeri Nichushkin 13 0 2 3
5 vs 5 Defense
Defense Defense Time % Phy DF OF
1 Matt Donovan Cody Goloubef 40 1 3 1
2 Michael Sdao Ben Hutton 30 1 3 1
3 Cade Fairchild Darren Dietz 20 1 3 1
4 Dalton Thrower Matt Donovan 10 1 3 1
PowerPlay Forward
Center Left Wing Right Wing Time % Phy DF OF
1 Maxime Macenauer Matt Beleskey Jonathan Tremblay 60 0 1 4
2 Anton Lander Sven Baertschi Logan Shaw 40 0 1 4
PowerPlay Defense
Defense Defense Time % Phy DF OF
1 Matt Donovan Cody Goloubef 60 0 2 3
2 Michael Sdao Ben Hutton 40 0 2 3
Penalty Kill 4 Players Forward
Center Wing Time % Phy DF OF
1 Anton Lander Jonathan Tremblay 60 0 3 2
2 Christoph Bertschy Maxime Macenauer 40 0 3 2
Penalty Kill 4 Players Defense
Defense Defense Time % Phy DF OF
1 Matt Donovan Cody Goloubef 60 1 3 1
2 Michael Sdao Ben Hutton 40 1 3 1
Penalty Kill - 3 Players Forward
Forward Time % Phy DF OF
1 Maxime Macenauer 60 1 3 1
2 Anton Lander 40 1 3 1
Penalty Kill - 3 Players Defense
Defense Defense Time % Phy DF OF
1 Matt Donovan Cody Goloubef 60 1 3 1
2 Michael Sdao Ben Hutton 40 1 3 1
4 vs 4 Forward
Center Wing Time % Phy DF OF
1 Jonathan Tremblay Valeri Nichushkin 60 1 2 2
2 Anton Lander Maxime Macenauer 40 1 2 2
4 vs 4 Defense
Defense Defense Time % Phy DF OF
1 Matt Donovan Cody Goloubef 60 1 2 2
2 Michael Sdao Ben Hutton 40 1 2 2
Last Minutes Offensive
Center Left Wing Right Wing Defense Defense
Maxime Macenauer Sven Baertschi Jonathan Tremblay Matt Donovan Cody Goloubef
Last Minutes Defensive
Center Left Wing Right Wing Defense Defense
Maxime Macenauer Anton Lander Jonathan Tremblay Matt Donovan Cody Goloubef
Goaltenders
Starting : Calvin Pickard
Backup : Juuse Saros
Extra Forwards
Normal : Joonas Donskoi, Valeri Nichushkin, Sven Baertschi - PP : Joonas Donskoi, Valeri Nichushkin - PK : Sven Baertschi
Extra Defensemen
Normal : Cade Fairchild, Darren Dietz, Dalton Thrower - PP : Cade Fairchild - PK : Darren Dietz, Dalton Thrower
Penalty Shots
Sven Baertschi, Jonathan Tremblay, Anton Lander, Maxime Macenauer, Valeri Nichushkin
Scratches
Eric Tangradi (Sprained Right Finger Injury), Marek Langhamer (Healthy)
% Time on Ice - Remparts
Lines # - Real PCT - Wanted PCT - Time Play
Normal Forward
1 - 38% - 40% - 18:02
2 - 30% - 30% - 14:10
3 - 21% - 20% - 9:56
4 - 12% - 10% - 5:47
Normal Defense
1 - 39% - 40% - 18:45
2 - 30% - 30% - 14:20
3 - 27% - 20% - 12:43
4 - 4% - 10% - 2:07
PP Forward
1 - 54% - 60% - 4:15
2 - 46% - 40% - 3:41
PP Defense
1 - 57% - 60% - 4:33
2 - 43% - 40% - 3:23
PK Forward
1 - 80% - 60% - 3:20
2 - 20% - 40% - 0:49
PK Defense
1 - 54% - 60% - 2:15
2 - 46% - 40% - 1:54
PK3 Forward
1 - 0% - 60%
2 - 0% - 40%
PK3 Defense
1 - 0% - 60%
2 - 0% - 40%
44 Forward
1 - 0% - 60%
2 - 0% - 40%
44 Defense
1 - 0% - 60%
2 - 0% - 40%
Last Minute Offensive - 0:00
Last Minute Defensive - 0:00
Total
Forward - 60:00
Defense - 60:00
|
% Time on Ice - Mulligans
Lines # - Real PCT - Wanted PCT - Time Play
Normal Forward
1 - 39% - 40% - 18:42
2 - 25% - 27% - 12:13
3 - 22% - 20% - 10:30
4 - 14% - 13% - 6:30
Normal Defense
1 - 35% - 40% - 16:33
2 - 32% - 30% - 15:08
3 - 23% - 20% - 10:57
4 - 11% - 10% - 5:17
PP Forward
1 - 61% - 60% - 2:31
2 - 39% - 40% - 1:38
PP Defense
1 - 53% - 60% - 2:13
2 - 47% - 40% - 1:56
PK Forward
1 - 71% - 60% - 5:37
2 - 29% - 40% - 2:19
PK Defense
1 - 63% - 60% - 4:58
2 - 37% - 40% - 2:58
PK3 Forward
1 - 0% - 60%
2 - 0% - 40%
PK3 Defense
1 - 0% - 60%
2 - 0% - 40%
44 Forward
1 - 0% - 60%
2 - 0% - 40%
44 Defense
1 - 0% - 60%
2 - 0% - 40%
Last Minute Offensive - 0:00
Last Minute Defensive - 0:00
Total
Forward - 60:00
Defense - 60:00
|
Play-by-Play
1st period
0:01 of 1st period - Max Reinhart wins face-off versus Maxime Macenauer in neutral zone.
0:33 of 1st period - Snap shot by Nail Yakupov.
0:33 of 1st period - Stopped by Calvin Pickard with a rebound.
0:50 of 1st period - Off-side.
0:51 of 1st period - Justin Williams wins face-off versus Christoph Bertschy in neutral zone.
1:38 of 1st period - Snap shot by Justin Williams.
1:38 of 1st period - Stopped by Calvin Pickard without a rebound.
1:39 of 1st period - Max Reinhart wins face-off versus Maxime Macenauer in Mulligans zone.
1:42 of 1st period - Wrist shot by Pontus Aberg.
1:42 of 1st period - Stopped by Calvin Pickard with a rebound.
1:44 of 1st period - Slapshot by Pontus Aberg.
1:44 of 1st period - Shot Blocked by Darren Dietz.
2:27 of 1st period - Matt Donovan is hit by Chris Mueller and loses puck.
3:16 of 1st period - Snap shot by Logan Shaw.
3:16 of 1st period - Stopped by Tyler Plante with a rebound.
3:38 of 1st period - Slapshot by Brandon Mashinter.
3:38 of 1st period - Shot Misses the Net.
4:47 of 1st period - Sven Baertschi is hit by Brandon Gormley.
4:57 of 1st period - Cade Fairchild is hit by Brandon Gormley and loses puck.
5:24 of 1st period - Matt Donovan is hit by Max Reinhart and loses puck.
5:41 of 1st period - Cédric Lalonde-McNicoll is hit by Joonas Donskoi.
6:02 of 1st period - Darren Dietz is hit by Michal Jordan and loses puck.
8:05 of 1st period - Slapshot by Logan Shaw.
8:05 of 1st period - Deflect By Anton Lander.
8:05 of 1st period - Shot Misses the Net.
8:05 of 1st period - Puck is out of play.
8:06 of 1st period - Cédric Lalonde-McNicoll wins face-off versus Anton Lander in Remparts zone.
8:13 of 1st period - Snap shot by Cédric Lalonde-McNicoll.
8:13 of 1st period - Shot Misses the Net.
8:23 of 1st period - Wrist shot by Anton Lander.
8:23 of 1st period - Deflect By Sven Baertschi.
8:23 of 1st period - Stopped by Tyler Plante without a rebound.
8:24 of 1st period - Christoph Bertschy wins face-off versus Max Reinhart in Remparts zone.
8:25 of 1st period - Snap shot by Drayson Bowman.
8:25 of 1st period - Shot Misses the Net.
8:27 of 1st period - Slapshot by Cody Goloubef.
8:27 of 1st period - Shot Misses the Net.
8:29 of 1st period - Snap shot by Drayson Bowman.
8:29 of 1st period - Stopped by Tyler Plante with a rebound.
8:31 of 1st period - Slapshot by Matt Donovan.
8:31 of 1st period - Stopped by Tyler Plante with a rebound.
8:33 of 1st period - Slapshot by Drayson Bowman.
8:33 of 1st period - Stopped by Tyler Plante with a rebound.
8:35 of 1st period - Snap shot by Drayson Bowman.
8:35 of 1st period - Shot Misses the Net.
8:51 of 1st period - Daniel Paille is hit by Jonathan Tremblay and loses puck.
9:29 of 1st period - Minor Penalty to Darren Dietz for Goalie Interference.
9:30 of 1st period - Anton Lander wins face-off versus Max Reinhart in Mulligans zone.
10:28 of 1st period - Jonathan Tremblay is hit by Pontus Aberg and loses puck.
11:14 of 1st period - Maxime Macenauer is hit by Ryan Strome and loses puck.
11:29 of 1st period - Penalty to Darren Dietz is over, Darren Dietz is back on ice.
11:54 of 1st period - Snap shot by Anton Lander.
11:54 of 1st period - Stopped by Tyler Plante with a rebound.
12:13 of 1st period - Snap shot by Brandon Mashinter.
12:13 of 1st period - Deflect By Sven Baertschi.
12:13 of 1st period - Goal by Brandon Mashinter - Remparts : 1 - Mulligans : 0.
12:14 of 1st period - Max Reinhart wins face-off versus Maxime Macenauer in neutral zone.
12:41 of 1st period - Brandon Gormley is hit by Cody Goloubef and loses puck.
12:50 of 1st period - Slapshot by Cédric Lalonde-McNicoll.
12:50 of 1st period - Stopped by Calvin Pickard without a rebound.
12:51 of 1st period - Max Reinhart wins face-off versus Jonny Brodzinski in Mulligans zone.
13:27 of 1st period - Wrist shot by Maxime Macenauer.
13:27 of 1st period - Stopped by Tyler Plante with a rebound.
13:29 of 1st period - Slapshot by Maxime Macenauer.
13:29 of 1st period - Stopped by Tyler Plante without a rebound.
13:30 of 1st period - Maxime Macenauer wins face-off versus Brandon Mashinter in Remparts zone.
13:41 of 1st period - Snap shot by Matt Beleskey.
13:41 of 1st period - Goal by Matt Beleskey - Remparts : 1 - Mulligans : 1.
13:42 of 1st period - Anton Lander wins face-off versus Ryan Strome in neutral zone.
13:45 of 1st period - Slapshot by Matt Donovan.
13:45 of 1st period - Shot Blocked by Griffin Reinhart.
13:50 of 1st period - Off-side.
13:51 of 1st period - Anton Lander wins face-off versus Max Reinhart in neutral zone.
14:18 of 1st period - Slapshot by Pontus Aberg.
14:18 of 1st period - Stopped by Calvin Pickard with a rebound.
14:20 of 1st period - Slapshot by Michal Jordan.
14:20 of 1st period - Deflect By Max Reinhart.
14:20 of 1st period - Shot Blocked by Matt Donovan.
14:20 of 1st period - Puck is out of play.
14:21 of 1st period - Cédric Lalonde-McNicoll wins face-off versus Jonathan Tremblay in Mulligans zone.
14:47 of 1st period - Brandon Gormley is hit by Ben Hutton and loses puck.
15:06 of 1st period - Slapshot by Brandon Gormley.
15:06 of 1st period - Stopped by Calvin Pickard with a rebound.
15:08 of 1st period - Slapshot by Daniel Paille.
15:08 of 1st period - Goal by Daniel Paille - Remparts : 2 - Mulligans : 1.
15:09 of 1st period - Max Reinhart wins face-off versus Maxime Macenauer in neutral zone.
15:21 of 1st period - Minor Penalty to Cody Goloubef for Slashing.
15:22 of 1st period - Anton Lander wins face-off versus Max Reinhart in Mulligans zone.
15:22 of 1st period - Anton Lander is hit by Brandon Gormley.
15:43 of 1st period - Anton Lander is hit by Pontus Aberg and loses puck.
17:21 of 1st period - Penalty to Cody Goloubef is over, Cody Goloubef is back on ice.
17:34 of 1st period - Slapshot by Brandon Gormley.
17:34 of 1st period - Stopped by Calvin Pickard with a rebound.
17:36 of 1st period - Snap shot by Justin Williams.
17:36 of 1st period - Shot Blocked by Cade Fairchild.
18:19 of 1st period - Niklas Hansson is hit by Michael Sdao.
18:29 of 1st period - Snap shot by Valeri Nichushkin.
18:29 of 1st period - Stopped by Tyler Plante with a rebound.
18:31 of 1st period - Wrist shot by Jonny Brodzinski.
18:31 of 1st period - Stopped by Tyler Plante with a rebound.
19:16 of 1st period - Icing by Brandon Gormley.
19:17 of 1st period - Cédric Lalonde-McNicoll wins face-off versus Jonny Brodzinski in Remparts zone.
19:33 of 1st period - Snap shot by Justin Williams.
19:33 of 1st period - Stopped by Calvin Pickard without a rebound.
19:34 of 1st period - Maxime Macenauer wins face-off versus Brandon Mashinter in Mulligans zone.
19:49 of 1st period - Wrist shot by Brandon Mashinter.
19:49 of 1st period - Stopped by Calvin Pickard without a rebound.
19:50 of 1st period - Max Reinhart wins face-off versus Logan Shaw in Mulligans zone.
Goals for this period are 2 for Remparts vs 1 for Mulligans.
Shots for this period are 11 for Remparts vs 11 for Mulligans.
2nd period
0:01 of 2nd period - Maxime Macenauer wins face-off versus Max Reinhart in neutral zone.
0:04 of 2nd period - Pontus Aberg is hit by Matt Donovan and loses puck.
0:52 of 2nd period - Wrist shot by Joonas Donskoi.
0:52 of 2nd period - Shot Blocked by Michal Jordan.
0:54 of 2nd period - Slapshot by Michael Sdao.
0:54 of 2nd period - Deflect By Griffin Reinhart.
0:54 of 2nd period - Stopped by Tyler Plante without a rebound.
0:55 of 2nd period - Max Reinhart wins face-off versus Maxime Macenauer in Remparts zone.
1:24 of 2nd period - Snap shot by Daniel Paille.
1:24 of 2nd period - Stopped by Calvin Pickard with a rebound.
1:26 of 2nd period - Slapshot by Niklas Hansson.
1:26 of 2nd period - Deflect By Daniel Paille.
1:26 of 2nd period - Stopped by Calvin Pickard with a rebound.
1:28 of 2nd period - Slapshot by Niklas Hansson.
1:28 of 2nd period - Shot Blocked by Ben Hutton.
1:30 of 2nd period - Wrist shot by Cédric Lalonde-McNicoll.
1:30 of 2nd period - Shot Blocked by Ben Hutton.
1:40 of 2nd period - Snap shot by Joonas Donskoi.
1:40 of 2nd period - Stopped by Tyler Plante with a rebound.
1:42 of 2nd period - Snap shot by Christoph Bertschy.
1:42 of 2nd period - Goal by Christoph Bertschy - Remparts : 2 - Mulligans : 2.
1:43 of 2nd period - Maxime Macenauer wins face-off versus Max Reinhart in neutral zone.
2:10 of 2nd period - Cody Goloubef is hit by Cédric Lalonde-McNicoll and loses puck.
2:34 of 2nd period - Snap shot by Justin Williams.
2:34 of 2nd period - Stopped by Calvin Pickard with a rebound.
2:40 of 2nd period - Brandon Mashinter is hit by Joonas Donskoi and loses puck.
3:16 of 2nd period - Snap shot by Jonathan Tremblay.
3:16 of 2nd period - Shot Misses the Net.
3:52 of 2nd period - Slapshot by Brandon Gormley.
3:52 of 2nd period - Shot Misses the Net.
3:54 of 2nd period - Snap shot by Chris Mueller.
3:54 of 2nd period - Deflect By Anton Zlobin.
3:54 of 2nd period - Stopped by Calvin Pickard with a rebound.
3:56 of 2nd period - Slapshot by Brandon Gormley.
3:56 of 2nd period - Deflect By Ben Hutton.
3:56 of 2nd period - Stopped by Calvin Pickard without a rebound.
3:57 of 2nd period - Chris Mueller wins face-off versus Christoph Bertschy in Mulligans zone.
4:31 of 2nd period - Wrist shot by Matt Beleskey.
4:31 of 2nd period - Stopped by Tyler Plante without a rebound.
4:32 of 2nd period - Anton Lander wins face-off versus Cédric Lalonde-McNicoll in Remparts zone.
4:42 of 2nd period - Off-side.
4:43 of 2nd period - Matt Beleskey wins face-off versus Max Reinhart in neutral zone.
4:48 of 2nd period - Slapshot by Matt Donovan.
4:48 of 2nd period - Goal by Matt Donovan - Remparts : 2 - Mulligans : 3.
4:49 of 2nd period - Max Reinhart wins face-off versus Maxime Macenauer in neutral zone.
5:14 of 2nd period - Matt Donovan is hit by Brandon Gormley and loses puck.
5:37 of 2nd period - Wrist shot by Justin Williams.
5:37 of 2nd period - Shot Blocked by Christoph Bertschy.
5:39 of 2nd period - Snap shot by Erik Gustafsson.
5:39 of 2nd period - Stopped by Calvin Pickard with a rebound.
5:41 of 2nd period - Slapshot by Brandon Gormley.
5:41 of 2nd period - Stopped by Calvin Pickard with a rebound.
5:43 of 2nd period - Snap shot by Justin Williams.
5:43 of 2nd period - Stopped by Calvin Pickard with a rebound.
5:45 of 2nd period - Snap shot by Justin Williams.
5:45 of 2nd period - Stopped by Calvin Pickard without a rebound.
5:46 of 2nd period - Maxime Macenauer wins face-off versus Max Reinhart in Mulligans zone.
6:51 of 2nd period - Minor Penalty to Griffin Reinhart for Hooking.
6:52 of 2nd period - Matt Beleskey wins face-off versus Max Reinhart in Remparts zone.
6:55 of 2nd period - Wrist shot by Matt Beleskey.
6:55 of 2nd period - Shot Misses the Net.
6:57 of 2nd period - Slapshot by Matt Donovan.
6:57 of 2nd period - Shot Blocked by Brandon Gormley.
6:59 of 2nd period - Wrist shot by Jonathan Tremblay.
6:59 of 2nd period - Goal by Jonathan Tremblay - Remparts : 2 - Mulligans : 4.
6:59 of 2nd period - Igor Bobkov enters game.
7:00 of 2nd period - Maxime Macenauer wins face-off versus Pontus Aberg in neutral zone.
7:29 of 2nd period - Logan Shaw is hit by Brandon Gormley and loses puck.
7:49 of 2nd period - Minor Penalty to Griffin Reinhart for Interference.
7:50 of 2nd period - Maxime Macenauer wins face-off versus Max Reinhart in Remparts zone.
9:47 of 2nd period - Wrist shot by Christoph Bertschy.
9:47 of 2nd period - Stopped by Igor Bobkov without a rebound.
9:48 of 2nd period - Max Reinhart wins face-off versus Joonas Donskoi in Remparts zone.
9:49 of 2nd period - Penalty to Griffin Reinhart is over, Griffin Reinhart is back on ice.
9:53 of 2nd period - Matt Donovan is hit by Daniel Paille and loses puck.
10:14 of 2nd period - Max Reinhart is hit by Joonas Donskoi and loses puck.
10:55 of 2nd period - Michal Jordan is hit by Christoph Bertschy and loses puck.
11:14 of 2nd period - Cade Fairchild is hit by Daniel Paille and loses puck.
11:39 of 2nd period - Icing by Michael Sdao.
11:40 of 2nd period - Joonas Donskoi wins face-off versus Brandon Mashinter in Mulligans zone.
11:53 of 2nd period - Snap shot by Roberts Lipsbergs.
11:53 of 2nd period - Shot Misses the Net.
11:55 of 2nd period - Snap shot by Brandon Gormley.
11:55 of 2nd period - Shot Blocked by Ben Hutton.
12:04 of 2nd period - Off-side.
12:05 of 2nd period - Chris Mueller wins face-off versus Anton Lander in neutral zone.
12:12 of 2nd period - Snap shot by Chris Mueller.
12:12 of 2nd period - Stopped by Calvin Pickard without a rebound.
12:13 of 2nd period - Roberts Lipsbergs wins face-off versus Maxime Macenauer in Mulligans zone.
12:18 of 2nd period - Snap shot by Brandon Mashinter.
12:18 of 2nd period - Deflect By Justin Williams.
12:18 of 2nd period - Stopped by Calvin Pickard without a rebound.
12:19 of 2nd period - Maxime Macenauer wins face-off versus Brandon Mashinter in Mulligans zone.
13:18 of 2nd period - Snap shot by Logan Shaw.
13:18 of 2nd period - Stopped by Igor Bobkov without a rebound.
13:19 of 2nd period - Jonny Brodzinski wins face-off versus Brandon Mashinter in Remparts zone.
13:20 of 2nd period - Wrist shot by Logan Shaw.
13:20 of 2nd period - Stopped by Igor Bobkov with a rebound.
13:30 of 2nd period - Wrist shot by Logan Shaw.
13:30 of 2nd period - Shot Misses the Net.
13:42 of 2nd period - Niklas Hansson is hit by Michael Sdao and loses puck.
13:58 of 2nd period - Icing by Niklas Hansson.
13:59 of 2nd period - Anton Lander wins face-off versus Chris Mueller in Remparts zone.
14:12 of 2nd period - Snap shot by Juuso Ikonen.
14:12 of 2nd period - Deflect By Chris Mueller.
14:12 of 2nd period - Shot Blocked by Matt Donovan.
14:12 of 2nd period - Puck is out of play.
14:13 of 2nd period - Nail Yakupov wins face-off versus Anton Lander in Mulligans zone.
14:16 of 2nd period - Wrist shot by Daniel Paille.
14:16 of 2nd period - Stopped by Calvin Pickard without a rebound.
14:17 of 2nd period - Anton Lander wins face-off versus Cédric Lalonde-McNicoll in Mulligans zone.
15:31 of 2nd period - Snap shot by Jonny Brodzinski.
15:31 of 2nd period - Stopped by Igor Bobkov without a rebound.
15:32 of 2nd period - Maxime Macenauer wins face-off versus Max Reinhart in Remparts zone.
15:57 of 2nd period - Sven Baertschi is hit by Daniel Paille and loses puck.
16:06 of 2nd period - Wrist shot by Daniel Paille.
16:06 of 2nd period - Goal by Daniel Paille - Remparts : 3 - Mulligans : 4.
16:07 of 2nd period - Cédric Lalonde-McNicoll wins face-off versus Maxime Macenauer in neutral zone.
16:16 of 2nd period - Snap shot by Cédric Lalonde-McNicoll.
16:16 of 2nd period - Stopped by Calvin Pickard with a rebound.
16:18 of 2nd period - Snap shot by Nail Yakupov.
16:18 of 2nd period - Deflect By Matt Beleskey.
16:18 of 2nd period - Stopped by Calvin Pickard without a rebound.
16:19 of 2nd period - Anton Lander wins face-off versus Ryan Strome in Mulligans zone.
16:44 of 2nd period - Cody Goloubef is hit by Nail Yakupov and loses puck.
17:27 of 2nd period - Justin Williams is hit by Logan Shaw and loses puck.
17:32 of 2nd period - Snap shot by Logan Shaw.
17:32 of 2nd period - Shot Misses the Net.
17:40 of 2nd period - Snap shot by Brandon Gormley.
17:40 of 2nd period - Goal by Brandon Gormley - Remparts : 4 - Mulligans : 4.
17:41 of 2nd period - Max Reinhart wins face-off versus Maxime Macenauer in neutral zone.
17:46 of 2nd period - Wrist shot by Pontus Aberg.
17:46 of 2nd period - Shot Blocked by Jonathan Tremblay.
18:07 of 2nd period - Nail Yakupov is hit by Christoph Bertschy and loses puck.
18:27 of 2nd period - Off-side.
18:28 of 2nd period - Brandon Mashinter wins face-off versus Anton Lander in neutral zone.
18:37 of 2nd period - Dalton Thrower is hit by Erik Gustafsson and loses puck.
18:59 of 2nd period - Snap shot by Maxime Macenauer.
18:59 of 2nd period - Stopped by Igor Bobkov without a rebound.
19:00 of 2nd period - Maxime Macenauer wins face-off versus Max Reinhart in Remparts zone.
19:23 of 2nd period - Drayson Bowman is hit by Pontus Aberg and loses puck.
19:34 of 2nd period - Ryan Strome is hit by Joonas Donskoi and loses puck.
19:45 of 2nd period - Wrist shot by Nail Yakupov.
19:45 of 2nd period - Shot Misses the Net.
19:49 of 2nd period - Snap shot by Daniel Paille.
19:49 of 2nd period - Shot Misses the Net.
19:51 of 2nd period - Slapshot by Brandon Gormley.
19:51 of 2nd period - Stopped by Calvin Pickard with a rebound.
19:53 of 2nd period - Slapshot by Nail Yakupov.
19:53 of 2nd period - Shot Misses the Net.
Goals for this period are 2 for Remparts vs 3 for Mulligans.
Shots for this period are 17 for Remparts vs 11 for Mulligans.
3rd period
0:01 of 3rd period - Maxime Macenauer wins face-off versus Max Reinhart in neutral zone.
0:34 of 3rd period - Snap shot by Joonas Donskoi.
0:34 of 3rd period - Deflect By Drayson Bowman.
0:34 of 3rd period - Stopped by Igor Bobkov without a rebound.
0:35 of 3rd period - Joonas Donskoi wins face-off versus Cédric Lalonde-McNicoll in Remparts zone.
1:11 of 3rd period - Off-side.
1:12 of 3rd period - Maxime Macenauer wins face-off versus Brandon Mashinter in neutral zone.
1:33 of 3rd period - Minor Penalty to Matt Donovan for Tripping.
1:34 of 3rd period - Anton Lander wins face-off versus Max Reinhart in Mulligans zone.
2:58 of 3rd period - Pontus Aberg is hit by Darren Dietz and loses puck.
3:31 of 3rd period - Jonathan Tremblay is hit by Pontus Aberg and loses puck.
3:33 of 3rd period - Penalty to Matt Donovan is over, Matt Donovan is back on ice.
3:55 of 3rd period - Slapshot by Michael Sdao.
3:55 of 3rd period - Deflect By Michal Jordan.
3:55 of 3rd period - Stopped by Igor Bobkov with a rebound.
4:02 of 3rd period - Icing by Michal Jordan.
4:03 of 3rd period - Christoph Bertschy wins face-off versus Chris Mueller in Remparts zone.
4:12 of 3rd period - Snap shot by Christoph Bertschy.
4:12 of 3rd period - Shot Misses the Net.
4:50 of 3rd period - Nail Yakupov is hit by Matt Beleskey and loses puck.
5:32 of 3rd period - Wrist shot by Joonas Donskoi.
5:32 of 3rd period - Stopped by Igor Bobkov without a rebound.
5:33 of 3rd period - Maxime Macenauer wins face-off versus Cédric Lalonde-McNicoll in Remparts zone.
5:34 of 3rd period - Wrist shot by Matt Beleskey.
5:34 of 3rd period - Stopped by Igor Bobkov with a rebound.
5:36 of 3rd period - Slapshot by Ben Hutton.
5:36 of 3rd period - Shot Misses the Net.
5:38 of 3rd period - Snap shot by Matt Beleskey.
5:38 of 3rd period - Stopped by Igor Bobkov without a rebound.
5:39 of 3rd period - Maxime Macenauer wins face-off versus Cédric Lalonde-McNicoll in Remparts zone.
5:40 of 3rd period - Wrist shot by Matt Beleskey.
5:40 of 3rd period - Deflect By Jonathan Tremblay.
5:40 of 3rd period - Shot Blocked by Cédric Lalonde-McNicoll.
5:40 of 3rd period - Puck is out of play.
5:41 of 3rd period - Cédric Lalonde-McNicoll wins face-off versus Maxime Macenauer in Remparts zone.
7:13 of 3rd period - Wrist shot by Erik Gustafsson.
7:13 of 3rd period - Stopped by Calvin Pickard without a rebound.
7:14 of 3rd period - Maxime Macenauer wins face-off versus Cédric Lalonde-McNicoll in Mulligans zone.
7:14 of 3rd period - Maxime Macenauer is hit by Michal Jordan.
7:35 of 3rd period - Off-side.
7:36 of 3rd period - Max Reinhart wins face-off versus Anton Lander in neutral zone.
7:43 of 3rd period - Snap shot by Ryan Strome.
7:43 of 3rd period - Shot Misses the Net.
7:45 of 3rd period - Wrist shot by Pontus Aberg.
7:45 of 3rd period - Stopped by Calvin Pickard without a rebound.
7:46 of 3rd period - Sven Baertschi wins face-off versus Max Reinhart in Mulligans zone.
7:46 of 3rd period - Sven Baertschi is hit by Ryan Strome.
7:58 of 3rd period - Sven Baertschi is hit by Max Reinhart and loses puck.
8:09 of 3rd period - Wrist shot by Ryan Strome.
8:09 of 3rd period - Stopped by Calvin Pickard without a rebound.
8:10 of 3rd period - Maxime Macenauer wins face-off versus Cédric Lalonde-McNicoll in Mulligans zone.
8:10 of 3rd period - Maxime Macenauer is hit by Cédric Lalonde-McNicoll.
8:36 of 3rd period - Drayson Bowman is hit by Erik Gustafsson and loses puck.
9:06 of 3rd period - Slapshot by Cody Goloubef.
9:06 of 3rd period - Shot Blocked by Michal Jordan.
9:22 of 3rd period - Slapshot by Chris Mueller.
9:22 of 3rd period - Shot Misses the Net.
9:24 of 3rd period - Wrist shot by Chris Mueller.
9:24 of 3rd period - Shot Misses the Net.
11:06 of 3rd period - Snap shot by Cédric Lalonde-McNicoll.
11:06 of 3rd period - Shot Blocked by Matt Donovan.
11:18 of 3rd period - Joonas Donskoi is hit by Cédric Lalonde-McNicoll.
12:18 of 3rd period - Slapshot by Matt Donovan.
12:18 of 3rd period - Deflect By Cédric Lalonde-McNicoll.
12:18 of 3rd period - Stopped by Igor Bobkov with a rebound.
12:26 of 3rd period - Snap shot by Drayson Bowman.
12:26 of 3rd period - Shot Misses the Net.
12:28 of 3rd period - Snap shot by Matt Donovan.
12:28 of 3rd period - Shot Blocked by Niklas Hansson.
12:38 of 3rd period - Wrist shot by Christoph Bertschy.
12:38 of 3rd period - Shot Misses the Net.
12:40 of 3rd period - Snap shot by Joonas Donskoi.
12:40 of 3rd period - Goal by Joonas Donskoi - Remparts : 4 - Mulligans : 5.
12:41 of 3rd period - Max Reinhart wins face-off versus Maxime Macenauer in neutral zone.
12:43 of 3rd period - Minor Penalty to Pontus Aberg for Hooking.
12:44 of 3rd period - Maxime Macenauer wins face-off versus Max Reinhart in Remparts zone.
12:46 of 3rd period - Wrist shot by Matt Beleskey.
12:46 of 3rd period - Deflect By Jonathan Tremblay.
12:46 of 3rd period - Goal by Jonathan Tremblay - Remparts : 4 - Mulligans : 6.
12:47 of 3rd period - Ryan Strome wins face-off versus Maxime Macenauer in neutral zone.
12:50 of 3rd period - Slapshot by Brandon Gormley.
12:50 of 3rd period - Shot Misses the Net.
13:18 of 3rd period - Griffin Reinhart is hit by Valeri Nichushkin and loses puck.
13:28 of 3rd period - Off-side.
13:29 of 3rd period - Anton Lander wins face-off versus Cédric Lalonde-McNicoll in neutral zone.
13:32 of 3rd period - Slapshot by Cody Goloubef.
13:32 of 3rd period - Stopped by Igor Bobkov with a rebound.
13:34 of 3rd period - Wrist shot by Sven Baertschi.
13:34 of 3rd period - Shot Blocked by Nail Yakupov.
13:36 of 3rd period - Slapshot by Matt Donovan.
13:36 of 3rd period - Stopped by Igor Bobkov with a rebound.
13:38 of 3rd period - Snap shot by Sven Baertschi.
13:38 of 3rd period - Shot Misses the Net.
13:40 of 3rd period - Slapshot by Cody Goloubef.
13:40 of 3rd period - Stopped by Igor Bobkov without a rebound.
13:41 of 3rd period - Daniel Paille wins face-off versus Maxime Macenauer in Remparts zone.
13:49 of 3rd period - Minor Penalty to Maxime Macenauer for Hooking.
13:50 of 3rd period - Max Reinhart wins face-off versus Anton Lander in Mulligans zone.
13:55 of 3rd period - Snap shot by Ryan Strome.
13:55 of 3rd period - Shot Blocked by Cody Goloubef.
14:13 of 3rd period - Matt Donovan is hit by Ryan Strome and loses puck.
14:18 of 3rd period - Snap shot by Max Reinhart.
14:18 of 3rd period - Shot Blocked by Anton Lander.
14:20 of 3rd period - Wrist shot by Pontus Aberg.
14:20 of 3rd period - Shot Misses the Net.
14:22 of 3rd period - Wrist shot by Erik Gustafsson.
14:22 of 3rd period - Stopped by Calvin Pickard without a rebound.
14:23 of 3rd period - Anton Lander wins face-off versus Cédric Lalonde-McNicoll in Mulligans zone.
15:46 of 3rd period - Anton Lander is hit by Griffin Reinhart and loses puck.
15:49 of 3rd period - Penalty to Maxime Macenauer is over, Maxime Macenauer is back on ice.
16:03 of 3rd period - Minor Penalty to Roberts Lipsbergs for Hooking.
16:04 of 3rd period - Maxime Macenauer wins face-off versus Max Reinhart in Remparts zone.
17:53 of 3rd period - Erik Gustafsson is hit by Joonas Donskoi and loses puck.
18:03 of 3rd period - Penalty to Roberts Lipsbergs is over, Roberts Lipsbergs is back on ice.
18:04 of 3rd period - Roberts Lipsbergs is hit by Valeri Nichushkin and loses puck.
19:04 of 3rd period - Jonathan Tremblay is hit by Ryan Strome and loses puck.
Goals for this period are 0 for Remparts vs 2 for Mulligans.
Shots for this period are 4 for Remparts vs 11 for Mulligans.
Back to the Top